 Dungeon Crawl Stone Soup version 0.29-a0-284-gf9362112df (webtiles) character file.

Game seed: 2793305599302453930

14 davidthevgamer991 the Skirmisher (level 2, 0/26 HPs)
             Began as a Draconian Fighter on Mar 24, 2022.
             Frozen to death by an endoplasm (3 damage)
             ... on level 1 of the Dungeon.
             The game lasted 00:03:23 (384 turns).

davidthevgamer991 the Skirmisher (Draconian Fighter) Turns: 384, Time: 00:03:24

Health: 0/26       AC:  4    Str: 18    XL:     2   Next: 27%
Magic:  2/2        EV: 12    Int:  8    God:
Gold:   10         SH:  4    Dex: 10    Spells: 1/1 levels left

rFire   . . .      SeeInvis .   a - +0 long sword
rCold   . . .      Faith    .   b - +0 buckler
rNeg    . . .      Spirit   .   (body armour unavailable)
rPois   .          Reflect  .   (helmet restricted)
rElec   .          Harm     .   (no cloak)
rCorr   .          Rampage  .   (no gloves)
Will    .....                   (no boots)
Stlth   +.........              (no amulet)
HPRegen 0.08/turn               (no ring)
MPRegen 0.08/turn               (no ring)

@: mighty
A: AC +4, unfitting armour, cold-blooded
a: no special abilities


You were on level 1 of the Dungeon.
You visited 1 branch of the dungeon, and saw 1 of its levels.

You collected 10 gold pieces.

Inventory:

Hand Weapons
 a - a +0 long sword (weapon)
Armour
 b - a +0 buckler (worn)
Scrolls
 d - 5 scrolls of identify {unknown}
 e - a scroll of acquirement {unknown}
 h - a scroll of holy word {unknown}
Potions
 f - a potion of magic {unknown}
 g - 2 potions of invisibility {unknown}


   Skills:
 + Level 3.4 Fighting
 + Level 2.2 Long Blades
 + Level 2.9 Dodging
 + Level 3.2 Shields


You had one spell level left.
You didn't know any spells.
Your spell library contained the following spells:

 Spells                   Type           Power      Damage    Failure   Level
 Animate Skeleton         Necr           0%         N/A       50%         1
 Apportation              Tloc           0%         N/A       50%         1
 Summon Small Mammal      Summ           0%         N/A       50%         1


Dungeon Overview and Level Annotations

Branches:
Dungeon (1/15)

Altars:


Innate Abilities, Weirdness & Mutations

Your plain brown scales are hard. (AC +4)
You cannot fit into any form of body armour.
You are cold-blooded and may be slowed by cold attacks.


Message History

You are frozen.
The ball python closely misses you. The ball python barely misses you.
You slash the ball python!
You kill the ball python!
The kobold hits you with a +0 dagger. The frilled lizard closely misses you.
The endoplasm misses you. The endoplasm freezes you.
You are frozen.
You feel yourself slow down. The frilled lizard barely misses you.
The kobold misses you.
You closely miss the frilled lizard.
You feel yourself speed up. The kobold hits you but does no damage.
The frilled lizard barely misses you. The endoplasm freezes you.
You are frozen.
The endoplasm misses you. The frilled lizard closely misses you.
You block the kobold's attack.
You hit the frilled lizard.
You kill the frilled lizard!
The endoplasm hits you but does no damage.
You block the kobold's attack. The kobold closely misses you.
You see here a frilled lizard corpse.
The kobold hits you with a +0 dagger.
You hit the endoplasm.
The endoplasm is moderately wounded.
The endoplasm freezes you.
You are frozen.
The kobold hits you but does no damage.
You hit the endoplasm.
You tail-slap the endoplasm, but do no damage.
The endoplasm is heavily wounded.
The endoplasm freezes you.
You are frozen.
The kobold hits you with a +0 dagger.
* * * LOW HITPOINT WARNING * * *
You block the kobold's attack. The endoplasm freezes you.
You are frozen.
* * * LOW HITPOINT WARNING * * *
You feel very mighty all of a sudden. The endoplasm freezes you.
You are frozen.
You die...

#......... #.........
#.....†... ##########
#....)...[ ##........#
#......... ..........#
########.# ..........#
#########.#
..).......######.......†..
...)....J@'...............
.......†K.##.###.###.###..
..........##..##.# #.# ###
..........###.##.. ..# #
..........# ..#####.# #
##..?.....# #.# #.# #
########## ....# ..# #
########....# #.# #
#............ #


You could see an endoplasm and a kobold.

Vanquished Creatures
  3 ball pythons (D:1)
  An endoplasm (D:1)
  A giant cockroach (D:1)
  A goblin (D:1)
  A hobgoblin (D:1)
  2 kobolds (D:1)
  3 frilled lizards (D:1)
  A rat (D:1)
13 creatures vanquished.

Notes
Turn   | Place    | Note
-------+----------+-------------------------------------------
     0 | D:1      | davidthevgamer991 the Draconian Fighter began the quest for
                  | the Orb.
     0 | D:1      | Reached XP level 1. HP: 19/19 MP: 1/1
   252 | D:1      | Reached XP level 2. HP: 22/26 MP: 2/2
   384 | D:1      | Frozen to death by an endoplasm

Illustrated notes

Levels and vault maps discovered:
D:1:      wheals_arrival_linesprint, layout_basic, basic_ecumenical_altar,
          minivault_14

Action                   || total
-------------------------++-------
Melee: Long sword        ||    42
       Tailslap          ||     4
  Use: Potion            ||     1
Armor: Skin              ||    14
Dodge: Dodged            ||    39
Block: Buckler           ||    19

Table legend: (Time is in decaauts)
 A = Elapsed time spent in this place.
 B = Non-inter-level travel time spent in this place.
 C = Inter-level travel time spent in this place.
 D = Time resting spent in this place.
 E = Time spent auto-exploring this place.
 F = Levels seen in this place.
 G = Mean time per level.
                   A        B        C        D        E       F      G
               +--------+--------+--------+--------+--------+-----+--------+
         Total |    399 |    399 |      0 |      0 |      0 |   1 |  399.0 |
       Dungeon |    399 |    399 |      0 |      0 |      0 |   1 |  399.0 |
               +--------+--------+--------+--------+--------+-----+--------+

Top non-repeatable levels by time:
     D:1: 399 daAuts
